 Dungeon Crawl Stone Soup version 0.18-b1-14-g029dad2 (webtiles) character file.

110 varam the Chopper (level 4, 40/41 HPs)
             Began as a Minotaur Berserker on Apr 30, 2016.
             Was a Believer of Trog.
             Quit the game on level 2 of the Dungeon.
             The game lasted 00:03:37 (1292 turns).

varam the Chopper (Minotaur Berserker)              Turns: 1292, Time: 00:03:38

Health: 40/41      AC:  5    Str: 23    XL:     4   Next: 61%
Magic:  3/3        EV: 11    Int:  4    God:    Trog [**....]
Gold:   134        SH:  0    Dex:  9    Spells: 0 memorised, 3 levels left

rFire  . . .     SeeInvis .     A - -2 broad axe (curse)
rCold  + . .     Gourm    +     o - +0 ring mail
rNeg   . . .     Faith    .     (no shield)
rPois  .         Spirit   .     (helmet restricted)
rElec  .         Dismiss  .     (no cloak)
rCorr  .         Reflect  .     (no gloves)
SustAt .         Harm     .     (no boots)
MR     .....                    e - amulet of the gourmand
Stlth  ..........               (no ring)
                                j - ring of protection from cold

@: not resistant to hostile enchantments, extremely unstealthy
A: retaliatory headbutt, horns 2
a: Berserk, Trog's Hand, Burn Spellbooks, Renounce Religion


You were on level 2 of the Dungeon.
You worshipped Trog.
Trog was pleased with you.
You were not hungry.

You visited 1 branch of the dungeon, and saw 2 of its levels.

You collected 134 gold pieces.

Inventory:

Hand Weapons
 a - a +0 hand axe
 s - a +2 vampiric hand axe
 A - a cursed -2 broad axe (weapon)
Armour
 b - a +0 animal skin
 o - a +0 ring mail (worn)
Jewellery
 e - an amulet of the gourmand (around neck)
 j - a ring of protection from cold (left hand)
 y - a cursed -2 ring of evasion {unknown}
Scrolls
 d - 2 scrolls of magic mapping {unknown}
 m - a scroll of noise {unknown}
 n - a scroll of identify {unknown}
 p - a scroll of blinking {unknown}
 q - a scroll of fog {unknown}
 r - 3 scrolls of teleportation {unknown}
 t - 2 scrolls of enchant weapon {unknown}
 w - a scroll of amnesia {unknown}
Potions
 g - a potion of magic {unknown}
 h - 2 potions of flight {unknown}
 i - a potion of degeneration {unknown}
 k - a potion of lignification {unknown}
 l - 2 potions of curing {unknown}
 u - 2 potions of brilliance {unknown}
 v - a potion of agility {unknown}
 x - a potion of might {unknown}
Comestibles
 c - a bread ration
 f - a meat ration
 z - a chunk of flesh


   Skills:
 + Level 4.6 Fighting
 + Level 5.0 Axes
 + Level 3.2 Armour
 + Level 2.9 Dodging


You had 3 spell levels left.
You didn't know any spells.

Dungeon Overview and Level Annotations

Branches:
Dungeon (2/15)

Altars:
Fedhas


Innate Abilities, Weirdness & Mutations

You reflexively headbutt those who attack you in melee.
You have a pair of horns on your head.


Message History

Natasha barely misses you. You furiously retaliate!
You headbutt Natasha!
You kill Natasha!
Trog accepts your kill.
Trog appreciates your killing of a magic user.
You feel Natasha's spirit has finally been put to rest.
Your Axes skill increases to level 5!
You see here the felid corpse of Natasha.
You butcher the felid corpse of Natasha.
z - a chunk of flesh You see here the felid skeleton of Natasha.
You see here a runed broad axe.
A - a runed broad axe Wield which item (- for none, * to show all)? (? for menu, Esc to quit)
Really unwield
s - a +2 vampiric hand axe?
You feel the dreadful sensation subside.
It sticks to your hand!
A - a cursed -2 broad axe (weapon)
Drop what? 27/52 slots (_ for help) (? for menu, Esc to quit)
Okay, then.
Are you sure you want to abandon this character and quit the game? (Confirm with "yes".)

#.#####. ##
#....... #..
........ #.#
#######. ####.# ##
## ....# .. #..# .#
########
#.####..###.#
.(......
#........@.##
#......
.#######..##..#.
#.#####
.................
#..
#######......###..#
# #.. #.###.....
.#.##.###..
#######.# ......
..........
........###.#####
.#......)
#######รท....#
......... #.#####
##....#..


There were no monsters in sight!

Vanquished Creatures
  Natasha (thrice) (D:2)
  An ooze (D:1)
  A dart slug (D:1)
  2 bats
  2 giant cockroaches
  4 goblins
  4 hobgoblins
  2 giant newts
  5 kobolds
  11 rats
35 creatures vanquished.

Notes
Turn   | Place    | Note
--------------------------------------------------------------
     0 | D:1      | varam the Minotaur Berserker began the quest for the Orb.
     0 | D:1      | Reached XP level 1. HP: 19/19 MP: 0/0
    85 | D:1      | Reached skill level 4 in Axes
   162 | D:1      | Reached XP level 2. HP: 27/27 MP: 1/1
   899 | D:2      | Noticed Natasha
   917 | D:2      | Killed Natasha
   917 | D:2      | Reached XP level 3. HP: 26/33 MP: 2/2
  1048 | D:2      | Reached ** piety under Trog
  1068 | D:2      | Noticed Natasha
  1070 | D:2      | Killed Natasha
  1070 | D:2      | Reached XP level 4. HP: 40/40 MP: 3/3
  1135 | D:2      | Found a blossoming altar of Fedhas.
  1271 | D:2      | Noticed Natasha
  1277 | D:2      | Killed Natasha
  1277 | D:2      | Reached skill level 5 in Axes
  1292 | D:2      | Quit the game

Skill      XL: |  1  2  3  4 |
---------------+-------------+-----
Axes           | 4 5 |  5.0
Fighting       | 4 |  4.6
Armour         | 3 |  3.2
Dodging        | |  2.9

Action                   |  1- 3 |  4- 6 || total
-------------------------+-------+-------++-------
Melee: Hand axe          |    51 |    27 ||    78
       Headbutt          |     7 |     2 ||     9
Invok: Berserk           |     1 |       ||     1
  Eat: Chunk             |    13 |       ||    13
Armor: Animal skin       |     5 |       ||     5
       Ring mail         |     4 |     6 ||    10
Dodge: Dodged            |    30 |    19 ||    49
